 Dungeon Crawl Stone Soup version 0.27-a0-931-g5a74e75d8f (webtiles) character file.

Game seed: 3317347218488919996

1383 Alarkh the Martial Artist (level 8, -10/61 (64) HPs)
             Began as a Demonspawn Gladiator on Apr 10, 2021.
             Was a Follower of Uskayaw.
             Mangled by a wight
             ... wielding a +4 great sword
              (20 damage)
             ... on level 6 of the Dungeon.
             The game lasted 00:05:49 (4895 turns).

Alarkh the Martial Artist (Demonspawn Gladiator)    Turns: 4895, Time: 00:05:49

HP:   -10/61 (64)   AC:  7    Str: 14    XL:     8   Next: 40%
MP:   8/8           EV: 12    Int: 12    God:    Uskayaw [*.....]
Gold: 365           SH:  0    Dex: 15    Spells: 7/7 levels left

rFire    . . .     SeeInvis .     - Unarmed
rCold    . . .     Faith    .   (no shield)
rNeg     . . .     Spirit   .   a - +0 leather armour
rPois    .         Reflect  .   b - +0 helmet
rElec    .         Harm     .   (no cloak)
rCorr    .         Rampage  .   (no gloves)
Will     +....                  (no boots)
Stlth    +.........             (no amulet)
HPRegen  0.20/turn              m - ring of willpower
MPRegen  0.11/turn              (no ring)

@: hasted, lightly drained, very quick
A: hooves 1, icy blue scales 2, powered by death 1, spiny 1
a: Renounce Religion, Stomp


You were on level 6 of the Dungeon.
You worshipped Uskayaw.
Uskayaw was noncommittal.
You visited 2 branches of the dungeon, and saw 7 of its levels.

You collected 365 gold pieces.

Inventory:

Missiles
 c - 3 throwing nets (quivered)
Armour
 a - a +0 leather armour (worn)
 b - a +0 helmet (worn)
 u - the +3 leather armour of the Dwarven Hall {Harm Int+4 Dex+2}
   (You found it on level 5 of the Dungeon)

   It affects your intelligence (+4).
   It affects your dexterity (+2).
   It increases damage dealt and taken.
Magical Staves
 k - a staff of fire
Jewellery
 l - a ring of fire
 m - a ring of willpower (left hand)
Wands
 f - a wand of paralysis (2)
 t - a wand of mindburst (32)
Scrolls
 e - 2 scrolls of enchant weapon
 h - 3 scrolls of teleportation
 j - 4 scrolls of fear
 q - a scroll of vulnerability
 r - a scroll of identify
 v - 2 scrolls of noise {unknown}
Potions
 g - 3 potions of brilliance
 i - 3 potions of attraction {unknown}
 n - 2 potions of degeneration {unknown}
 o - 2 potions of might {unknown}
 p - 2 potions of ambrosia {unknown}
 s - 2 potions of flight {unknown}
 w - a potion of resistance {unknown}


   Skills:
 + Level 6.2 Fighting
 - Level 1.7 Throwing
 - Level 2.6 Dodging
 * Level 8.2 Unarmed Combat


You had 7 spell levels left.
You didn't know any spells.
Your spell library contained the following spells:

 Spells                   Type           Power      Damage    Failure   Level
 Apportation              Tloc           0%         N/A       38%         1
 Corona                   Hex            0%         N/A       38%         1
 Magic Dart               Conj           0%         1d3       38%         1
 Shock                    Conj/Air       0%         1d3       38%         1
 Blink                    Tloc           N/A        N/A       54%         2
 Call Imp                 Summ           0%         N/A       54%         2
 Ensorcelled Hibernation  Hex/Ice        0%         N/A       54%         2
 Slow                     Hex            0%         N/A       54%         2
 Swiftness                Air            0%         N/A       54%         2
 Confusing Touch          Hex            0%         N/A       77%         3
 Conjure Flame            Conj/Fire      0%         6-21      77%         3
 Dazzling Flash           Conj/Hex       0%         N/A       77%         3
 Mephitic Cloud           Conj/Pois/Air  0%         N/A       77%         3
 Static Discharge         Conj/Air       0%         N/A       77%         3
 Tukima's Dance           Hex            0%         N/A       77%         3
 Airstrike                Air            0%         N/A       99%         4
 Animate Armour           Summ/Erth      0%         N/A       99%         4
 Lightning Bolt           Conj/Air       0%         1d11      100%        5
 Dispersal                Tloc           0%         N/A       100%        6
 Dragon's Call            Summ           0%         N/A       100%        9


Dungeon Overview and Level Annotations

Branches:
Dungeon (6/15)             Temple (1/1) D:4

Altars:
Ashenzari
Cheibriados
Dithmenos
Elyvilon
Fedhas
Gozag
Hepliaklqana
Kikubaaqudgha
Makhleb
Nemelex Xobeh
Okawaru
Qazlal
Ru
Trog
Uskayaw
Vehumet
Wu Jian
Xom
Yredelemnul
Zin
The Shining One


Innate Abilities, Weirdness & Mutations

You have large cloven feet.
You are mostly covered in icy blue scales. (AC +3)
You regenerate a little health from kills.
You are partially covered in sharp spines.


Message History

You punch the wight!
You destroy the wight!
Your life force feels restored.
No target in view!
No target in view!
You can no longer pass through a line of other dancers.
A wight comes into view. It is wielding a +4 great sword.
Things that are here:
a +2 long sword; a +0 robe A wight is nearby!
A wight is nearby!
Things that are here:
a +4 war axe; a +0 robe You completely miss the wight.
The wight hits you with a +4 great sword!
You feel drained.
You closely miss the wight. Your kick misses the wight.
You closely miss the wight.
The wight hits you with a +4 great sword!
You are too injured to fight recklessly!
You are too injured to fight recklessly!
You are too injured to fight recklessly!
You are too injured to fight recklessly!
You are too injured to fight recklessly!
You are too injured to fight recklessly!
You are too injured to fight recklessly!
You are too injured to fight recklessly!
You barely miss the wight. You kick the wight.
The wight is lightly damaged.
The wight is struck by your spines.
The wight hits you with a +4 great sword!
* * * LOW HITPOINT WARNING * * *
The wight completely misses you. The wight is struck by your spines.
The wight hits you with a +4 great sword!
* * * LOW HITPOINT WARNING * * *
Okay, then.
You feel yourself speed up.
The wight hits you with a +4 great sword!!
You die...

##..# ##.# #..## .
##..## #### #..###
#.####<...# #..##
##...## #........##
###.##
###..######....## ##.##
##..# ###..#
##.########..#
#..###### ##).......z.#
#....##>. #######..@##
##...)... ##..###
##########
##...#####.## # ######
#...........# # #..[(##
##.....)....## #
##.....###...........#
##
##..##.......###.....##
#. ##.####.>..[.##
#..#### #. #..#
##......# #.## ### ###.


You could see a wight.

Vanquished Creatures
  A water moccasin (D:6)
  A sky beast (D:6)
  2 black bears
  2 necrophages
  A bullfrog (D:6)
  2 scorpions
  A wyvern skeleton (D:6)
  A water moccasin skeleton (D:6)
  2 wights (D:6)
  5 hounds
  2 iguanas (D:5)
  Ijyb (D:5)
  An orc wizard (D:3)
  A howler monkey zombie (D:6)
  10 adders
  4 gnolls (D:6)
  A shadow imp (D:5)
  An ufetubus (D:4)
  3 worms
  A dart slug (D:5)
  5 orcs
  An endoplasm (D:3)
  3 giant cockroaches
  7 goblins
  6 hobgoblins
  2 jackals (D:1)
  3 kobolds
  2 quokkas
  6 ball pythons
  2 bats (D:1)
  3 frilled lizards (D:1)
  4 rats
87 creatures vanquished.

Notes
Turn   | Place    | Note
-------+----------+-------------------------------------------
     0 | D:1      | Alarkh the Demonspawn Gladiator began the quest for the
                  | Orb.
     0 | D:1      | Reached XP level 1. HP: 16/16 MP: 1/1
   111 | D:1      | Reached skill level 3 in Unarmed Combat
   195 | D:1      | Gained mutation: You are partially covered in sharp spines.
                  | [demonic ancestry]
   195 | D:1      | Reached XP level 2. HP: 17/22 MP: 2/2
   586 | D:1      | Found a faded altar of an unknown god.
   869 | D:2      | Gained mutation: You regenerate a little health from kills.
                  | [demonic ancestry]
   869 | D:2      | Reached XP level 3. HP: 27/28 MP: 3/3
  1645 | D:3      | Reached skill level 4 in Unarmed Combat
  1645 | D:3      | Gained mutation: You have large cloven feet. [demonic
                  | ancestry]
  1645 | D:3      | Reached XP level 4. HP: 34/34 MP: 4/4
  2019 | D:4      | Gained mutation: You are partially covered in icy blue
                  | scales. (AC +2) [demonic ancestry]
  2019 | D:4      | Reached XP level 5. HP: 40/41 MP: 5/5
  2198 | D:4      | Found a staircase to the Ecumenical Temple.
  2207 | Temple   | Entered the Ecumenical Temple
  2510 | Temple   | Became a worshipper of Uskayaw the Reveller
  2545 | D:4      | Reached skill level 5 in Unarmed Combat
  2591 | D:4      | Reached * piety under Uskayaw
  2676 | D:4      | Reached ** piety under Uskayaw
  2694 | D:4      | Noticed a necrophage
  2702 | D:4      | Reached *** piety under Uskayaw
  2703 | D:4      | Killed a necrophage
  2704 | D:4      | Reached XP level 6. HP: 42/48 MP: 6/6
  2721 | D:4      | Identified the +7 spear "Zuawn" {vorpal, SInv}
  2888 | D:5      | Entered Level 5 of the Dungeon
  2931 | D:5      | Reached **** piety under Uskayaw
  2950 | D:5      | Reached skill level 6 in Unarmed Combat
  2950 | D:5      | Gained mutation: You are mostly covered in icy blue scales.
                  | (AC +3) [demonic ancestry]
  2950 | D:5      | Reached XP level 7. HP: 37/55 MP: 7/7
  3338 | D:5      | Reached skill level 5 in Fighting
  3488 | D:5      | Noticed Ijyb
  3504 | D:5      | Killed Ijyb
  3570 | D:5      | Identified the Volume of Supportive Translocation
  3605 | D:5      | Identified the +3 leather armour of the Dwarven Hall {Harm
                  | Int+4 Dex+2}
  4197 | D:6      | Reached skill level 7 in Unarmed Combat
  4347 | D:6      | Reached XP level 8. HP: 64/64 MP: 8/8
  4589 | D:6      | Reached skill level 8 in Unarmed Combat
  4895 | D:6      | Mangled by a wight

Illustrated notes

Levels and vault maps discovered:
D:1:      matt_arrival_refuge, layout_basic, hellmonk_ecumenical_altar_zigzags
D:2:      layout_loops_ring
D:3:      layout_basic, ebering_ghost_disaster_area
D:4:      layout_basic, minmay_temple_entry_gardened_gates,
          nicolae_ossuary_entry_monument, minmay_misc_feat_room
D:5:      layout_basic, portal_sewer_entry_e, uniq_ijyb
D:6:      layout_layer_cave
Temple:   roderic_octagonal_lattice_temple

Skill      XL: |  1  2  3  4  5  6  7  8 |
---------------+-------------------------+-----
Unarmed Combat | 3 4 5 6 7 8 |  8.2
Fighting       | 3 4 5 6 |  6.2
Throwing       | |  1.7
Dodging        | |  2.6

Action                   |  1- 3 |  4- 6 |  7- 9 || total
-------------------------+-------+-------+-------++-------
Melee: Unarmed           |   116 |    72 |   116 ||   304
       Punch             |     4 |     4 |     4 ||    12
       Kick              |       |    26 |    34 ||    60
  Use: Scroll            |     2 |     3 |     2 ||     7
       Potion            |       |     1 |     1 ||     2
 Stab: Paralysed         |       |     2 |     3 ||     5
Armor: Leather armour    |    33 |    16 |    30 ||    79
Dodge: Dodged            |    60 |    37 |    52 ||   149

Table legend: (Time is in decaauts)
 A = Elapsed time spent in this place.
 B = Non-inter-level travel time spent in this place.
 C = Inter-level travel time spent in this place.
 D = Time resting spent in this place.
 E = Time spent auto-exploring this place.
 F = Levels seen in this place.
 G = Mean time per level.
                   A        B        C        D        E       F      G
               +--------+--------+--------+--------+--------+-----+--------+
         Total |   4865 |   4577 |    288 |     85 |   3705 |   7 |  695.0 |
       Dungeon |   4544 |   4301 |    243 |     85 |   3430 |   6 |  757.3 |
        Temple |    320 |    276 |     44 |      0 |    275 |   1 |  320.0 |
               +--------+--------+--------+--------+--------+-----+--------+

Top non-repeatable levels by time:
     D:5: 1273 daAuts
     D:1: 790 daAuts
     D:6: 716 daAuts
     D:2: 691 daAuts
     D:4: 553 daAuts
     D:3: 520 daAuts
  Temple: 320 daAuts
